 Dungeon Crawl Stone Soup version 0.29.1-15-g9cfb28693d (webtiles) character file.

Game seed: 220517669738483024

6702 errorslol the Slicer (level 11, -3/87 HPs)
             Began as a Merfolk Transmuter on Apr 14, 2023.
             Was a Follower of the Shining One.
             Slain by a fire elemental (9 damage)
             ... created by the fiery vengeance of Ignis
             ... on level 10 of the Dungeon on Apr 17, 2023.
             The game lasted 00:51:14 (9445 turns).

errorslol the Slicer (Merfolk Transmuter)           Turns: 9445, Time: 00:51:14

Health: -3/87      AC: 20    Str: 10    XL:     11   Next: 3%
Magic:  15/15      EV:  6    Int: 15    God:    the Shining One [*.....]
Gold:   460        SH:  0    Dex: 15    Spells: 12/16 levels left

rFire   . . .      SeeInvis +   d - +7 short sword (venom)
rCold   . . .      Faith    .   (no shield)
rNeg    . . .      Spirit   .   c - +0 chain mail
rPois   .          Reflect  .   n - +0 helmet
rElec   .          Harm     .   z - +2 cloak
rCorr   .          Rampage  .   C - +0 pair of gloves
Will    .....                   (no boots)
Stlth   ..........              t - amulet of Starshine {Fly Regen+}
HPRegen 1.04/turn               f - +4 ring of protection
MPRegen 0.14/turn               r - ring of see invisible

@: mighty, flying, glowing, fire susceptible
A: (nimble swimmer 2), mertail, clumsy 1, fire resistance 1, sense surroundings
2, MP-powered wands
a: Renounce Religion, Divine Shield


You were on level 10 of the Dungeon.
You worshipped the Shining One.
The Shining One was aware of your devotion.
You visited 3 branches of the dungeon, and saw 12 of its levels.
You also visited: Sewer.

You collected 460 gold pieces.

Inventory:

Hand Weapons
 d - a +7 short sword of venom (weapon)
Armour
 c - a +0 chain mail (worn)
 n - a +0 helmet (worn)
 z - a +2 cloak (worn)
 C - a +0 pair of gloves (worn)
Magical Staves
 g - a staff of fire
 m - a staff of death
Jewellery
 f - a +4 ring of protection (left hand)
 r - a ring of see invisible (right hand)
 t - the amulet of Starshine (around neck) {Fly Regen+}
   (You acquired it in a sewer)

   [amulet of regeneration]

   Fly:       It grants you flight.
   Regen:     It increases your rate of health regeneration.
Wands
 s - a wand of mindburst (8) (quivered)
 u - a wand of charming (7)
 w - a wand of polymorph (5)
Scrolls
 a - 2 scrolls of summoning
 b - a scroll of noise {unknown}
 h - 2 scrolls of blinking
 k - 3 scrolls of fear
 l - 3 scrolls of teleportation
 y - a scroll of enchant armour
 A - a scroll of identify
Potions
 e - a potion of might
 i - 2 potions of haste
 o - 4 potions of curing
 p - a potion of attraction
 q - a potion of magic {unknown}
 v - a potion of flight {unknown}
 B - a potion of experience {unknown}


   Skills:
 + Level 8.4 Fighting
 + Level 11.8 Short Blades
 + Level 0.6 Staves
 + Level 6.3 Armour
 + Level 6.5 Dodging
 + Level 1.9 Stealth
 + Level 4.2 Unarmed Combat
 + Level 3.0 Spellcasting
 + Level 3.3 Transmutations
 + Level 1.4 Evocations


You had 12 spell levels left.
You knew the following spells:

 Your Spells              Type           Power      Damage    Failure   Level
a - Beastly Appendage     Tmut           24%        N/A       94%         1
b - Wereblood             Tmut           12%        N/A       98%         2
c - Foxfire               Conj/Fire      8%         2x1d4     100%        1

Your spell library contained the following spells:

 Spells                   Type           Power      Damage    Failure   Level
 Apportation              Tloc           4%         N/A       100%        1
 Static Discharge         Conj/Air       2%         3-4/arc   100%        2
 Conjure Flame            Conj/Fire      2%         6-21      100%        3
 Inner Flame              Hex/Fire       2%         N/A       100%        3
 Spider Form              Tmut/Pois      7%         N/A       100%        3
 Cause Fear               Hex            1%         N/A       100%        4
 Flame Wave               Conj/Fire      2%         2d4       100%        4
 Ice Form                 Ice/Tmut       7%         N/A       100%        4
 Alistair's Intoxication  Tmut/Pois      4%         N/A       100%        5
 Lightning Bolt           Conj/Air       1%         1d12      100%        5
 Discord                  Hex            1%         N/A       100%        8
 Maxwell's Capacitive Co  Air            1%         ∞         100%        8


Dungeon Overview and Level Annotations

Branches:
Dungeon (11/15)            Temple (1/1) D:6            Lair (1/5) D:9
  Sewer (visited)
    Orc: D:9-12

Altars:
Ashenzari
Dithmenos
Elyvilon
Fedhas
Gozag
Hepliaklqana
Kikubaaqudgha
Makhleb
Nemelex Xobeh
Okawaru
Qazlal
Ru
Sif Muna
Trog
Vehumet
Xom
Yredelemnul
Zin
The Shining One
Ignis

Shops:
D:4 *


Innate Abilities, Weirdness & Mutations

((You are very nimble when in or above water. (Stealth+, EV+, Speed+++)))
Your lower body shifts to a powerful aquatic tail in water.
You are clumsy. (Dex -2)
Your flesh is heat resistant. (rF+)
You passively map the area around you.
You expend magic power (3 MP) to strengthen your wands.


Message History

The fire elemental burns you!
You puncture the fire elemental!
You destroy the fire elemental!
That felt strangely unrewarding.
The fire elemental barely misses you. The fire elemental hits you.
The fire elemental burns you!
You feel very mighty all of a sudden.
The fire elemental barely misses you. x2
You puncture the fire elemental!
The fire elemental is lightly damaged.
The fire elemental hits you. The fire elemental burns you!
The fire elemental hits you. The fire elemental burns you!
* * * LOW HITPOINT WARNING * * *
You barely miss the fire elemental.
The fire elemental is lightly damaged.
You puncture the fire elemental! You punch the fire elemental!
The fire elemental is almost destroyed.
The fire elemental hits you. The fire elemental burns you!
* * * LOW HITPOINT WARNING * * *
The fire elemental hits you. The fire elemental burns you!
* * * LOW HITPOINT WARNING * * *
You feel better. The fire elemental hits you. The fire elemental burns you!
* * * LOW HITPOINT WARNING * * *
The fire elemental barely misses you.
You impale the fire elemental!!
You destroy the fire elemental!
That felt strangely unrewarding.
The fire elemental hits you. The fire elemental burns you!
* * * LOW HITPOINT WARNING * * *
The fire elemental hits you. The fire elemental burns you!
* * * LOW HITPOINT WARNING * * *
You puncture the fire elemental!
The fire elemental is heavily damaged.
The fire elemental hits you. The fire elemental burns you!
* * * LOW HITPOINT WARNING * * *
You puncture the fire elemental!
The fire elemental is severely damaged.
You puncture the fire elemental!
The fire elemental is almost destroyed.
The fire elemental hits you. The fire elemental burns you!
You die...

###*### ******** #..,..#
*,,,,,,* #.#*#.#
*,****,* #.###.#
*,****,* ####...E.#
***,.,,.,### #.....)@.#
##.#.#.,.....
#.##.#...#**....#..#.#.#
#.##.#...>.........#.#.#
#.##.....###.........#.#
##.##.##.##
*#.#......... #..##.##.#
#.####.##..# #.###....#
#.# #.##..# #.# ######
##'## #.....# #.#
##...#####...#


You could see a fire elemental.

Vanquished Creatures
  Pikel (D:5)
  A cane toad (D:9)
  An unseen horror (D:11)
  A troll (D:10)
  Prince Ribbit (D:7)
  Grinder (D:5)
  The ghost of Grunkalo the Trooper, an amateur OgMo of Okawaru (D:4)
  Sigmund (D:5)
  A yak (D:9)
  A wraith (D:9)
  A wyvern (D:6)
  6 fire elementals
  Menkaure (D:5)
  An acid dragon (D:10)
  2 water moccasins
  2 orc warriors
  3 ice beasts
  A sky beast (D:6)
  4 black bears
  3 ogres
  3 centaurs
  9 kobold brigands
  A gnoll sergeant (D:6)
  5 bullfrogs
  3 scorpions
  6 killer bees (D:7)
  3 howler monkeys
  3 jellies
  4 hounds
  2 orc priests (D:5)
  Natasha (thrice) (D:2)
  3 iguanas
  4 orc wizards
  A statue (D:10)
  Robin (D:3)
  3 gnolls (D:6)
  4 river rats (Sewer)
  18 adders
  A shadow imp (D:7)
  A white imp (D:6)
  6 worms
  A dart slug (D:1)
  23 orcs
  16 ball pythons
  6 endoplasms
  3 giant cockroaches
  19 goblins
  11 hobgoblins
  7 jackals
  20 kobolds
  A quokka (D:6)
  5 bats
  5 frilled lizards
  9 rats
  A toadstool (D:1)
245 creatures vanquished.

Vanquished Creatures (collateral kills)
  An orc (D:5)
1 creature vanquished.

Vanquished Creatures (others)
  29 foxfires
  11 fungi (D:9)
  20 plants
  3 toadstools (D:1)
63 creatures vanquished.

Grand Total: 309 creatures vanquished

Notes
Turn   | Place    | Note
-------+----------+-------------------------------------------
     0 | D:1      | errorslol the Merfolk Transmuter began the quest for the
                  | Orb.
     0 | D:1      | Reached XP level 1. HP: 15/15 MP: 3/3
   244 | D:1      | Reached XP level 2. HP: 18/19 MP: 5/5
   252 | D:1      | Learned a level 2 spell: Wereblood
   278 | D:1      | Found a faded altar of an unknown god.
   289 | D:1      | Prayed at the altar of an unknown god.
   289 | D:1      | Became a worshipper of Ignis, the Dying Flame
  1146 | D:1      | Reached XP level 3. HP: 26/26 MP: 6/6
  1160 | D:1      | Learned a level 1 spell: Foxfire
  1232 | D:2      | Reached skill level 1 in Short Blades
  1457 | D:2      | Noticed Natasha
  1468 | D:2      | Killed Natasha
  1469 | D:2      | Reached skill level 2 in Short Blades
  1469 | D:2      | Reached XP level 4. HP: 15/32 MP: 7/7
  1793 | D:2      | Noticed Natasha
  1806 | D:2      | Killed Natasha
  1807 | D:2      | Reached skill level 3 in Short Blades
  1833 | D:2      | Reached XP level 5. HP: 34/37 MP: 8/8
  2250 | D:2      | Noticed Natasha
  2260 | D:2      | Killed Natasha
  2360 | D:3      | Found a white marble altar of Elyvilon.
  2414 | D:3      | Noticed Robin
  2427 | D:3      | Killed Robin
  2918 | D:3      | Reached skill level 4 in Short Blades
  3403 | D:3      | Gained mutation: You occasionally lose the ability to drink
                  | potions when taking damage. [potion of mutation]
  3403 | D:3      | Gained mutation: You are dopey. (Int -2) [potion of
                  | mutation]
  3404 | D:3      | Lost mutation: You occasionally lose the ability to drink
                  | potions when taking damage. [potion of mutation]
  3404 | D:3      | Lost mutation: You are dopey. (Int -2) [potion of mutation]
  3404 | D:3      | Gained mutation: You expend magic power (3 MP) to
                  | strengthen your wands. [potion of mutation]
  3404 | D:3      | Gained mutation: You occasionally shout uncontrollably at
                  | your foes. [potion of mutation]
  3404 | D:3      | Gained mutation: Your flesh is heat resistant. (rF+)
                  | [potion of mutation]
  3404 | D:3      | Gained mutation: You possess an exceptional clarity of
                  | mind. [potion of mutation]
  3405 | D:3      | Lost mutation: You occasionally shout uncontrollably at
                  | your foes. [potion of mutation]
  3405 | D:3      | Lost mutation: You possess an exceptional clarity of mind.
                  | [potion of mutation]
  3405 | D:3      | Gained mutation: You passively map a small area around you.
                  | [potion of mutation]
  3405 | D:3      | Gained mutation: You are clumsy. (Dex -2) [potion of
                  | mutation]
  3405 | D:3      | Gained mutation: You passively map the area around you.
                  | [potion of mutation]
  3426 | D:4      | Reached XP level 6. HP: 35/44 MP: 10/10
  3542 | D:4      | Found a runed translucent gate.
  3542 | D:4      | Found a runed translucent gate.
  3542 | D:4      | Found a runed translucent gate.
  3543 | D:4      | Noticed Grunkalo's ghost (amateur OgMo)
  3596 | D:4      | Reached skill level 1 in Armour
  3742 | D:4      | Reached skill level 1 in Stealth
  3887 | D:4      | Found Xirreux's Gadget Gallery.
  3908 | D:4      | Found a sparkling altar of Nemelex Xobeh.
  4032 | D:4      | Found a glowing drain.
  4048 | D:4      | Reached skill level 5 in Short Blades
  4076 | Sewer    | Entered a sewer
  4119 | Sewer    | Reached XP level 7. HP: 49/51 MP: 11/11
  4241 | Sewer    | Identified 2 scrolls of acquirement
  4242 | Sewer    | Acquired the amulet of Starshine {Fly Regen+}
  4256 | Sewer    | Acquired a staff of death
  4399 | Sewer    | Reached skill level 6 in Short Blades
  4642 | Sewer    | Reached XP level 8. HP: 58/58 MP: 12/12
  4707 | Sewer    | Reached skill level 7 in Short Blades
  5390 | D:4      | Killed Grunkalo's ghost
  5626 | D:5      | Entered Level 5 of the Dungeon
  5685 | D:5      | Reached skill level 8 in Short Blades
  5791 | D:5      | Noticed Menkaure
  5807 | D:5      | Killed Menkaure
  5952 | D:5      | Reached XP level 9. HP: 66/66 MP: 13/13
  5996 | D:5      | Noticed Sigmund
  6007 | D:5      | Killed Sigmund
  6076 | D:5      | Found a burning altar of Makhleb.
  6116 | D:5      | Noticed Grinder
  6132 | D:5      | Reached skill level 9 in Short Blades
  6139 | D:5      | Killed Grinder
  6140 | D:5      | Reached skill level 5 in Fighting
  6166 | D:5      | Reached skill level 1 in Evocations
  6314 | D:5      | Noticed Pikel
  6326 | D:5      | Killed Pikel
  6453 | D:5      | Reached skill level 10 in Short Blades
  6453 | D:5      | Reached skill level 5 in Armour
  6706 | D:6      | Found a staircase to the Ecumenical Temple.
  6717 | Temple   | Entered the Ecumenical Temple
  6727 | Temple   | Fell from the grace of Ignis
  6727 | Temple   | Became a worshipper of the Shining One
  7133 | D:6      | Reached XP level 10. HP: 21/76 MP: 14/14
  7390 | D:6      | Reached skill level 5 in Dodging
  7661 | D:6      | Reached skill level 11 in Short Blades
  7959 | D:6      | Found a stormy altar of Qazlal.
  7988 | D:6      | Found Zetoklebam's General Store.
  8215 | D:7      | Noticed Prince Ribbit
  8241 | D:7      | Killed Prince Ribbit
  8471 | D:7      | You are sucked into a shaft and drop 3 floors!
  8471 | D:10     | Entered Level 10 of the Dungeon
  8631 | D:10     | Found a radiant altar of Vehumet.
  9021 | D:9      | Found a staircase to the Lair.
  9195 | Lair:1   | Entered Level 1 of the Lair of Beasts
  9199 | Lair:1   | Noticed a cane toad
  9201 | Lair:1   | Reached * piety under the Shining One
  9216 | D:9      | Killed a cane toad
  9324 | D:9      | You are sucked into a shaft and drop 2 floors!
  9338 | D:11     | Noticed an unseen horror
  9353 | D:11     | Killed an unseen horror
  9354 | D:11     | Reached XP level 11. HP: 69/87 MP: 15/15
  9445 | D:10     | Slain by a fire elemental

Illustrated notes

Levels and vault maps discovered:
D:1:      ldierk_water_garden, layout_basic, dilly_ecumenical_altar_fadedgnrine,
          minmay_misc_feat_encased, minmay_misc_feat_rows
D:2:      layout_loops_ring, chequers_serial_rivers_micro_d,
          minmay_tromino_mix6, uniq_natasha
D:3:      layout_loops_corners, mainiacjoe_overflow_concentric_impassable,
          kennysheep_generic_room_8, uniq_robin
D:4:      layout_basic, mainiacjoe_overflow_chevrons,
          cheibrodos_sewer_entry_sluice, gammafunk_ghost_nasty_kobolds,
          kennysheep_pointless_box, nicolae_shop_gadgets
D:5:      layout_loops_ring, mainiacjoe_overflow_tiny_flanked,
          wad_rectangle_vault, uniq_sigmund, uniq_grinder, uniq_menkaure,
          uniq_pikel
D:6:      layout_loops_ring, mainiacjoe_overflow_cross_hatched,
          minmay_temple_entry_junction_2, serial_shops, kennysheep_mini,
          kennysheep_diamond, minmay_ogre_servants
D:7:      layout_basic, serial_shops, nicolae_square_shop,
          hangedman_abyss_or_decor_lesser_grid, minmay_nine_imps, uniq_joseph,
          uniq_prince_ribbit1
D:9:      layout_basic, grunt_lair_entry_orc_guard_hut
D:10:     layout_loops_corners, mainiacjoe_overflow_small_starburst,
          vehumet_statue, uniq_maurice, uniq_snorg, uniq_erolcha
D:11:     layout_basic, orc_0_dummy, minmay_stone_trees_small, uniq_lodul
Temple:   nicolae_temple_bog_church
Lair:1:   layout_cave_shapes, nzn_random_ring, uniq_harold

Skill      XL: |  1  2  3  4  5  6  7  8  9 10 |
---------------+-------------------------------+-----
Short Blades   | 2 3 4 5 6 8 10 11 | 11.8
Transmutations | 3 |  3.3
Dodging        | 3 4 6 |  6.5
Unarmed Combat | 4 |  4.2
Fighting       | 2 3 4 5 8 |  8.4
Armour         | 1 2 3 5 6 |  6.3
Stealth        | 1 |  1.9
Spellcasting   | 3 |  3.0
Evocations     | 1 |  1.4
Staves         | |  0.6

Action                   |  1- 3 |  4- 6 |  7- 9 | 10-12 || total
-------------------------+-------+-------+-------+-------++-------
Melee: Short sword       |    83 |   144 |   269 |   364 ||   860
       Unarmed           |     3 |       |       |       ||     3
       Punch             |     1 |     3 |    11 |    13 ||    28
       Tailslap          |       |     3 |     8 |     6 ||    17
       Staff             |       |       |    15 |       ||    15
Invok: Fiery Armour      |       |     2 |     5 |       ||     7
       Foxfire Swarm     |       |     1 |     2 |       ||     3
Evoke: Wand              |       |       |     5 |     1 ||     6
  Use: Scroll            |     3 |     7 |     9 |     4 ||    23
       Potion            |       |     3 |     3 |    10 ||    16
 Stab: Distracted        |       |     1 |       |       ||     1
Armor: Chain mail        |    74 |   174 |   130 |   245 ||   623
       Skin              |       |       |    57 |    41 ||    98
Dodge: Dodged            |    24 |    47 |    72 |    91 ||   234
